| TOP OF THE 1ST |
|
Lynn Sailors batting - Pitching for Pawtucket Paw Sox : RHP Billy Taylor
|
|
Pitching: RHP Billy Taylor
|
|
|
Batting: RHB Ron Wotus
|
0-0: Ball 1-0: Ball 2-0: Swinging Strike 2-1: Ball 3-1: Foul Ball, location: 2F 3-2: Strikes out swinging
|
|
Batting: RHB Jorge Hinojosa
|
0-0: Ball 1-0: Ball 2-0: Ground out 5-3 (Groundball, 56S, EV 62.5 MPH)
|
|
Batting: RHB Mike Rubel
|
0-0: Ball 1-0: Foul Ball, location: 2F 1-1: Foul Ball, location: 2F 1-2: Ball 2-2: Ball 3-2: Foul Ball, location: 2F 3-2: Foul Ball, location: 2F 3-2: Fly out, F6 (Popup, 6, EV 68.1 MPH)
|
| Top of the 1st over - 0 runs, 0 hits, 0 errors, 0 left on base; Lynn 0 - Pawtucket 0 |
| BOTTOM OF THE 1ST |
|
Pawtucket Paw Sox batting - Pitching for Lynn Sailors : RHP Eric Broersma
|
|
Pitching: RHP Eric Broersma
|
|
|
Batting: LHB Dave Haberle
|
0-0: Called Strike 0-1: Ball 1-1: Ball 2-1: Ball 3-1: Ground out 4-3 (Groundball, 4, EV 104.4 MPH)
|
|
Batting: RHB Robert Duran
|
0-0: Swinging Strike 0-1: Called Strike 0-2: Ball 1-2: Strikes out looking
|
|
Batting: LHB Jeff Stone
|
0-0: Called Strike 0-1: Ball 1-1: Swinging Strike 1-2: Foul Ball, location: 2F 1-2: Strikes out swinging
|
| Bottom of the 1st over - 0 runs, 0 hits, 0 errors, 0 left on base; Lynn 0 - Pawtucket 0 |
| TOP OF THE 2ND |
|
Lynn Sailors batting - Pitching for Pawtucket Paw Sox : RHP Billy Taylor
|
|
Batting: RHB Mike Reddish
|
0-0: Called Strike 0-1: Ball 1-1: Swinging Strike 1-2: Strikes out swinging
|
|
Batting: LHB Tony Merulla
|
0-0: Ball 1-0: Called Strike 1-1: Ground out U3 (Groundball, 3S, EV 65.0 MPH)
|
|
Batting: RHB Vinny Jaramillo
|
0-0: Swinging Strike 0-1: Called Strike 0-2: Strikes out swinging
|
| Top of the 2nd over - 0 runs, 0 hits, 0 errors, 0 left on base; Lynn 0 - Pawtucket 0 |
| BOTTOM OF THE 2ND |
|
Pawtucket Paw Sox batting - Pitching for Lynn Sailors : RHP Eric Broersma
|
|
Batting: RHB Dave Malpeso
|
0-0: Swinging Strike 0-1: Ball 1-1: Ball 2-1: Foul Ball, location: 2F 2-2: Ball 3-2: Fly out, F9 (Flyball, 9, EV 86.3 MPH)
|
|
Batting: LHB William Hance
|
0-0: Ball 1-0: Ball 2-0: Swinging Strike 2-1: Foul Ball, location: 2F 2-2: Strikes out swinging
|
|
Batting: RHB Brick Smith
|
0-0: Ball 1-0: Ball 2-0: Foul Ball, location: 2F 2-1: Ball 3-1: Foul Ball, location: 2F 3-2: Foul Ball, location: 2F 3-2: Foul Ball, location: 2F 3-2: SINGLE (Groundball, 56, EV 86.9 MPH) (infield hit)
|
|
Batting: LHB David Wiggins
|
0-0: Called Strike 0-1: Ball 1-1: Ball 2-1: Ball 3-1: Base on Balls Brick Smith to second
|
|
Batting: RHB Lenny Faedo
|
0-0: Foul Ball, location: 2F 0-1: Foul Ball, location: 2F 0-2: Foul Ball, location: 2F 0-2: Ground out 2-3 (Groundball, 13S, EV 65.6 MPH)
|
| Bottom of the 2nd over - 0 runs, 1 hit, 0 errors, 2 left on base; Lynn 0 - Pawtucket 0 |
| TOP OF THE 3RD |
|
Lynn Sailors batting - Pitching for Pawtucket Paw Sox : RHP Billy Taylor
|
|
Batting: RHB Lee Wenzel
|
0-0: Ball 1-0: Called Strike 1-1: Ball 2-1: Foul Ball, location: 2F 2-2: Fly out, F4 (Flyball, 4MD, EV 92.5 MPH)
|
|
Batting: SHB Danny Gans
|
0-0: Called Strike 0-1: Ball 1-1: Swinging Strike 1-2: Foul Ball, location: 2F 1-2: Ground out 4-3 (Groundball, 34D, EV 87.5 MPH)
|
|
Batting: RHB Ezequiel Carrasco
|
0-0: Called Strike 0-1: Fly out, F8 (Flyball, 8LM, EV 84.4 MPH)
|
| Top of the 3rd over - 0 runs, 0 hits, 0 errors, 0 left on base; Lynn 0 - Pawtucket 0 |
| BOTTOM OF THE 3RD |
|
Pawtucket Paw Sox batting - Pitching for Lynn Sailors : RHP Eric Broersma
|
|
Batting: RHB Gary Hargis
|
0-0: Ball 1-0: Ball 2-0: Ground out 5-3 (Groundball, 56, EV 85.0 MPH)
|
|
Batting: LHB Dave Haberle
|
0-0: Ball 1-0: Foul Ball, location: 2F 1-1: Ball 2-1: Ball 3-1: Foul Ball, location: 2F 3-2: Foul Ball, location: 2F 3-2: Ground out 5-3 (Groundball, 56, EV 85.6 MPH)
|
|
Batting: RHB Robert Duran
|
0-0: Ball 1-0: Ball 2-0: Ball 3-0: Called Strike 3-1: Base on Balls
|
|
Batting: LHB Jeff Stone
|
0-0: Called Strike Robert Duran steals 2nd base 0-1: Swinging Strike 0-2: Ball 1-2: Fly out, F7 (Flyball, 7D, EV 95.6 MPH)
|
| Bottom of the 3rd over - 0 runs, 0 hits, 0 errors, 1 left on base; Lynn 0 - Pawtucket 0 |
| TOP OF THE 4TH |
|
Lynn Sailors batting - Pitching for Pawtucket Paw Sox : RHP Billy Taylor
|
|
Batting: RHB Ron Wotus
|
0-0: Foul Ball, location: 2F 0-1: Hit by Pitch
|
|
Pinch Runner at 1st David Schuman:
|
|
|
Batting: RHB Jorge Hinojosa
|
0-0: Fly out, F9 (Flyball, 9LS, EV 89.4 MPH)
|
|
Batting: RHB Mike Rubel
|
0-0: Grounds into double play, 6-4-3 (Groundball, 56D, EV 85.0 MPH)
|
| Top of the 4th over - 0 runs, 0 hits, 0 errors, 0 left on base; Lynn 0 - Pawtucket 0 |
| BOTTOM OF THE 4TH |
|
Pawtucket Paw Sox batting - Pitching for Lynn Sailors : RHP Eric Broersma
|
|
Now at 2B: Rosben Majam
|
|
|
Batting: RHB Dave Malpeso
|
0-0: Reached on error, E5 (Groundball, 56, EV 101.9 MPH)
|
|
Batting: LHB William Hance
|
0-0: Called Strike 0-1: Ball 1-1: Ball 2-1: Foul Ball, location: 2F 2-2: Grounds into double play, 4-6-3 (Groundball, 4, EV 80.6 MPH)
|
|
Batting: RHB Brick Smith
|
0-0: Fly out, F7 (Flyball, 7, EV 95.0 MPH)
|
| Bottom of the 4th over - 0 runs, 0 hits, 1 error, 0 left on base; Lynn 0 - Pawtucket 0 |
| TOP OF THE 5TH |
|
Lynn Sailors batting - Pitching for Pawtucket Paw Sox : RHP Billy Taylor
|
|
Batting: RHB Mike Reddish
|
0-0: Swinging Strike 0-1: Ball 1-1: Foul Ball, location: 2F 1-2: Reached on error, E6 (Flyball, 6D, EV 95.0 MPH)
|
|
Batting: LHB Tony Merulla
|
0-0: Ball 1-0: Ball 2-0: Foul Ball, location: 2F 2-1: Ball 3-1: Base on Balls Mike Reddish to second
|
|
Batting: RHB Vinny Jaramillo
|
0-0: Bunted foul 0-1: Bunt missed! 0-2: Ball 1-2: Foul Ball, location: 2F 1-2: Ball 2-2: Grounds into double play, 6-4-3 (Groundball, 6, EV 107.5 MPH) Mike Reddish to third
|
|
Batting: RHB Lee Wenzel
|
0-0: Called Strike 0-1: Fly out, F7 (Line Drive, 7D, EV 99.4 MPH)
|
| Top of the 5th over - 0 runs, 0 hits, 1 error, 1 left on base; Lynn 0 - Pawtucket 0 |
| BOTTOM OF THE 5TH |
|
Pawtucket Paw Sox batting - Pitching for Lynn Sailors : RHP Eric Broersma
|
|
Batting: LHB David Wiggins
|
0-0: Foul Ball, location: 2F 0-1: Foul Ball, location: 2F 0-2: Ball 1-2: Foul Ball, location: 2F 1-2: Ball 2-2: Ball 3-2: Ground out 4-3 (Groundball, 4, EV 86.3 MPH)
|
|
Batting: RHB Lenny Faedo
|
0-0: Ball 1-0: Called Strike 1-1: Fly out, F8 (Flyball, 8LD, EV 72.5 MPH)
|
|
Batting: RHB Gary Hargis
|
0-0: Foul Ball, location: 2F 0-1: Ball 1-1: SINGLE (Line Drive, 7S, EV 92.5 MPH)
|
|
Batting: LHB Dave Haberle
|
0-0: Foul Ball, location: 2F 0-1: Fielders Choice at 2nd, U4 (Groundball, 4M, EV 102.5 MPH)
|
| Bottom of the 5th over - 0 runs, 1 hit, 0 errors, 1 left on base; Lynn 0 - Pawtucket 0 |
| TOP OF THE 6TH |
|
Lynn Sailors batting - Pitching for Pawtucket Paw Sox : RHP Billy Taylor
|
|
Batting: SHB Danny Gans
|
0-0: Foul Ball, location: 2F 0-1: Foul Ball, location: 2F 0-2: Ball 1-2: Foul Ball, location: 2F 1-2: Fly out, F5 (Popup, 5SF, EV 80.0 MPH)
|
|
Batting: RHB Ezequiel Carrasco
|
0-0: Foul Ball, location: 2F 0-1: Called Strike 0-2: Ball 1-2: Foul Ball, location: 2F 1-2: Ground out 6-3 (Groundball, 6M, EV 110.6 MPH)
|
|
Batting: SHB Rosben Majam
|
0-0: Swinging Strike 0-1: Ball 1-1: Foul Ball, location: 2F 1-2: Ball 2-2: Strikes out swinging
|
| Top of the 6th over - 0 runs, 0 hits, 0 errors, 0 left on base; Lynn 0 - Pawtucket 0 |
| BOTTOM OF THE 6TH |
|
Pawtucket Paw Sox batting - Pitching for Lynn Sailors : RHP Eric Broersma
|
|
Batting: RHB Robert Duran
|
0-0: Called Strike 0-1: Ball 1-1: Ball 2-1: Ball 3-1: Foul Ball, location: 2F 3-2: Foul Ball, location: 2F 3-2: Fly out, F8 (Flyball, 89D, EV 81.9 MPH)
|
|
Batting: LHB Jeff Stone
|
0-0: Foul Ball, location: 2F 0-1: Ball 1-1: Foul Ball, location: 2F 1-2: Ball 2-2: Foul Ball, location: 2F 2-2: Foul Ball, location: 2F 2-2: Ball 3-2: Strikes out looking
|
|
Batting: RHB Dave Malpeso
|
0-0: Foul Ball, location: 2F 0-1: Ball 1-1: Ball 2-1: Foul Ball, location: 2F 2-2: Strikes out swinging wild pitch, reaches first!
|
|
Batting: LHB William Hance
|
0-0: Ground out U3 (Groundball, 3L, EV 86.9 MPH)
|
| Bottom of the 6th over - 0 runs, 0 hits, 0 errors, 1 left on base; Lynn 0 - Pawtucket 0 |
| TOP OF THE 7TH |
|
Lynn Sailors batting - Pitching for Pawtucket Paw Sox : RHP Billy Taylor
|
|
Batting: RHB Jorge Hinojosa
|
0-0: Ball 1-0: Called Strike 1-1: Ball 2-1: Ball 3-1: Called Strike 3-2: Strikes out swinging
|
|
Batting: RHB Mike Rubel
|
0-0: Swinging Strike 0-1: Foul Ball, location: 2F 0-2: Foul Ball, location: 2F 0-2: Strikes out swinging
|
|
Batting: RHB Mike Reddish
|
0-0: Called Strike 0-1: Ball 1-1: Called Strike 1-2: Foul Ball, location: 2F 1-2: Ball 2-2: Ball 3-2: Foul Ball, location: 2F 3-2: Base on Balls
|
|
Batting: LHB Tony Merulla
|
0-0: Called Strike 0-1: Ball 1-1: Ball 2-1: Ball 3-1: 2-RUN HOME RUN (Flyball, 7D, EV 96.3 MPH), Distance : 378 ft
|
|
Batting: RHB Vinny Jaramillo
|
0-0: Foul Ball, location: 2F 0-1: Ball 1-1: Called Strike 1-2: Ball 2-2: Ground out 4-3 (Groundball, 4S, EV 66.9 MPH)
|
| Top of the 7th over - 2 runs, 1 hit, 0 errors, 0 left on base; Lynn 2 - Pawtucket 0 |
| BOTTOM OF THE 7TH |
|
Pawtucket Paw Sox batting - Pitching for Lynn Sailors : RHP Eric Broersma
|
|
Batting: RHB Brick Smith
|
0-0: Ball 1-0: Foul Ball, location: 2F 1-1: Swinging Strike 1-2: Ball 2-2: Ball 3-2: Base on Balls
|
|
Pitching: RHP Roberto Yan
|
|
|
Batting: LHB David Wiggins
|
0-0: Ball 1-0: Ball 2-0: Fielders Choice at 2nd, 6-4 (Groundball, 6, EV 86.3 MPH)
|
|
Batting: RHB Lenny Faedo
|
0-0: Ball 1-0: Foul Ball, location: 2F 1-1: Ball 2-1: Swinging Strike 2-2: Ball 3-2: Foul Ball, location: 2F 3-2: Base on Balls David Wiggins to second
|
|
Pinch Hitting: LHB Steven Garcia
|
0-0: Grounds into double play, 4-6-3 (Groundball, 34, EV 96.3 MPH)
|
| Bottom of the 7th over - 0 runs, 0 hits, 0 errors, 1 left on base; Lynn 2 - Pawtucket 0 |
| TOP OF THE 8TH |
|
Lynn Sailors batting - Pitching for Pawtucket Paw Sox : RHP Billy Taylor
|
|
Now at 1B: Ted Cox
|
|
|
Now at 2B: Steven Garcia
|
|
|
Batting: RHB Lee Wenzel
|
0-0: Called Strike 0-1: Foul Ball, location: 2F 0-2: Ball 1-2: Ball 2-2: Ball 3-2: Base on Balls
|
|
Batting: SHB Danny Gans
|
0-0: Sac Bunt to 15S - play at first, batter OUT! 1-3 Lee Wenzel to second
|
|
Batting: RHB Ezequiel Carrasco
|
0-0: Swinging Strike 0-1: Foul Ball, location: 2F 0-2: Foul Ball, location: 2F 0-2: Ball 1-2: Ball 2-2: Strikes out swinging
|
|
Batting: SHB Rosben Majam
|
0-0: Ground out 5-3 (Groundball, 56, EV 85.0 MPH)
|
| Top of the 8th over - 0 runs, 0 hits, 0 errors, 1 left on base; Lynn 2 - Pawtucket 0 |
| BOTTOM OF THE 8TH |
|
Pawtucket Paw Sox batting - Pitching for Lynn Sailors : RHP Roberto Yan
|
|
Batting: LHB Dave Haberle
|
0-0: Called Strike 0-1: SINGLE (Line Drive, 7LS, EV 105.6 MPH)
|
|
Batting: RHB Robert Duran
|
0-0: Called Strike 0-1: Ball 1-1: Called Strike 1-2: Fly out, F9 (Flyball, 9LM, EV 95.0 MPH)
|
|
Batting: LHB Jeff Stone
|
0-0: Fly out, F8 (Flyball, 8LM, EV 88.8 MPH)
|
|
Batting: RHB Dave Malpeso
|
0-0: Called Strike 0-1: Ball 1-1: Ball 2-1: Foul Ball, location: 2F 2-2: 2-RUN HOME RUN (Flyball, 7D, EV 104.4 MPH), Distance : 376 ft
|
|
Batting: LHB William Hance
|
0-0: Ground out 6-3 (Groundball, 6, EV 85.6 MPH)
|
| Bottom of the 8th over - 2 runs, 2 hits, 0 errors, 0 left on base; Lynn 2 - Pawtucket 2 |
| TOP OF THE 9TH |
|
Lynn Sailors batting - Pitching for Pawtucket Paw Sox : RHP Billy Taylor
|
|
Pitching: RHP Terry McAnnally
|
|
|
Batting: RHB Jorge Hinojosa
|
0-0: Foul Ball, location: 2F 0-1: Ball 1-1: Called Strike 1-2: Strikes out looking
|
|
Batting: RHB Mike Rubel
|
0-0: Foul Ball, location: 2F 0-1: Foul Ball, location: 2F 0-2: Ball 1-2: Ball 2-2: Fly out, F8 (Flyball, 8LS, EV 96.9 MPH)
|
|
Batting: RHB Mike Reddish
|
0-0: Ball 1-0: Ground out 6-3 (Groundball, 56, EV 80.6 MPH)
|
| Top of the 9th over - 0 runs, 0 hits, 0 errors, 0 left on base; Lynn 2 - Pawtucket 2 |
| BOTTOM OF THE 9TH |
|
Pawtucket Paw Sox batting - Pitching for Lynn Sailors : RHP Roberto Yan
|
|
Pitching: RHP Mike Walters
|
|
|
Pinch Hitting: LHB Steven Blackman
|
0-0: Ball 1-0: Fly out, F7 (Flyball, 7LS, EV 75.0 MPH)
|
|
Batting: LHB David Wiggins
|
0-0: Foul Ball, location: 2F 0-1: Swinging Strike 0-2: Ground out 6-3 (Groundball, 6, EV 90.6 MPH)
|
|
Pinch Hitting: SHB Gary Weiss
|
0-0: Ball 1-0: Ball 2-0: Foul Ball, location: 2F 2-1: Called Strike 2-2: Foul Ball, location: 2F 2-2: Ball 3-2: SINGLE (Line Drive, 7S, EV 90.0 MPH)
|
|
Batting: LHB Steven Garcia
|
0-0: Ball Gary Weiss is caught stealing 2nd base 2-6
|
| Bottom of the 9th over - 0 runs, 1 hit, 0 errors, 0 left on base; Lynn 2 - Pawtucket 2 |
| TOP OF THE 10TH |
|
Lynn Sailors batting - Pitching for Pawtucket Paw Sox : RHP Terry McAnnally
|
|
Now at 1B: Richard Duran
|
|
|
Now at SS: Gary Weiss
|
|
|
Batting: LHB Tony Merulla
|
0-0: Fly out, F2 (Popup, 5SF, EV 77.5 MPH)
|
|
Batting: RHB Vinny Jaramillo
|
0-0: Ball 1-0: Foul Ball, location: 2F 1-1: Ball 2-1: Ball 3-1: Called Strike 3-2: Foul Ball, location: 2F 3-2: Base on Balls
|
|
Batting: RHB Lee Wenzel
|
0-0: Ball 1-0: Reached on error, E1 (Groundball, 15, EV 43.8 MPH) Vinny Jaramillo to third
|
|
Batting: SHB Danny Gans
|
0-0: Fly out, F8 (Flyball, 8LS, EV 86.3 MPH)
|
|
Pinch Hitting: RHB Ken Gerhart
|
0-0: Called Strike 0-1: Ball 1-1: Fly out, F7 (Flyball, 7, EV 83.8 MPH)
|
| Top of the 10th over - 0 runs, 0 hits, 1 error, 2 left on base; Lynn 2 - Pawtucket 2 |
| BOTTOM OF THE 10TH |
|
Pawtucket Paw Sox batting - Pitching for Lynn Sailors : RHP Mike Walters
|
|
Now in CF: Ken Gerhart
|
|
|
Batting: LHB Steven Garcia
|
0-0: Called Strike 0-1: Swinging Strike 0-2: Ball 1-2: Foul Ball, location: 2F 1-2: Foul Ball, location: 2F 1-2: Fly out, F8 (Flyball, 78S, EV 96.9 MPH)
|
|
Batting: LHB Dave Haberle
|
0-0: Foul Ball, location: 2F 0-1: Foul Ball, location: 2F 0-2: Ball 1-2: Foul Ball, location: 2F 1-2: Strikes out swinging
|
|
Batting: RHB Robert Duran
|
0-0: Ball 1-0: Ball 2-0: Called Strike 2-1: Foul Ball, location: 2F 2-2: SINGLE (Groundball, 56S, EV 70.0 MPH) (infield hit)
|
|
Batting: LHB Jeff Stone
|
0-0: Ball 1-0: Foul Ball, location: 2F 1-1: Called Strike 1-2: SINGLE (Groundball, 5D, EV 106.3 MPH) Robert Duran to second Runner from 2nd tries for 3rd, SAFE, no throw by LF
|
|
Batting: RHB Dave Malpeso
|
0-0: Called Strike 0-1: Foul Ball, location: 2F 0-2: Ball 1-2: Fielders Choice at 2nd, 6-4 (Groundball, 6, EV 82.5 MPH)
|
| Bottom of the 10th over - 0 runs, 2 hits, 0 errors, 2 left on base; Lynn 2 - Pawtucket 2 |
| TOP OF THE 11TH |
|
Lynn Sailors batting - Pitching for Pawtucket Paw Sox : RHP Terry McAnnally
|
|
Batting: SHB Rosben Majam
|
0-0: Swinging Strike 0-1: Ball 1-1: Called Strike 1-2: Strikes out swinging
|
|
Batting: RHB Jorge Hinojosa
|
0-0: Ball 1-0: Ball 2-0: SINGLE (Line Drive, 7LM, EV 103.1 MPH)
|
|
Batting: RHB Mike Rubel
|
0-0: Called Strike 0-1: Foul Ball, location: 2F 0-2: Ball 1-2: 2-RUN HOME RUN (Flyball, 7D, EV 99.4 MPH), Distance : 373 ft
|
|
Batting: RHB Mike Reddish
|
0-0: Called Strike 0-1: Called Strike 0-2: Foul Ball, location: 2F 0-2: Ball 1-2: Fly out, F3 (Popup, 3SF, EV 85.6 MPH)
|
|
Batting: LHB Tony Merulla
|
0-0: Foul Ball, location: 2F 0-1: Ball 1-1: Ball 2-1: Swinging Strike 2-2: Foul Ball, location: 2F 2-2: Ball 3-2: Foul Ball, location: 2F 3-2: SINGLE (Line Drive, 7S, EV 85.6 MPH)
|
|
Pitching: RHP Joe Thomas
|
|
|
Batting: RHB Vinny Jaramillo
|
0-0: Called Strike 0-1: Foul Ball, location: 2F 0-2: Ball 1-2: Strikes out swinging
|
| Top of the 11th over - 2 runs, 3 hits, 0 errors, 1 left on base; Lynn 4 - Pawtucket 2 |
| BOTTOM OF THE 11TH |
|
Pawtucket Paw Sox batting - Pitching for Lynn Sailors : RHP Mike Walters
|
|
Pitching: RHP Jose Morales
|
|
|
Batting: LHB William Hance
|
0-0: Ball 1-0: Ball 2-0: Ball 3-0: Base on Balls
|
|
Batting: RHB Richard Duran
|
0-0: Called Strike 0-1: Ball 1-1: Ball Wild Pitch! William Hance to second 2-1: DOUBLE (Line Drive, 9LM, EV 91.9 MPH) William Hance scores
|
|
Batting: LHB David Wiggins
|
0-0: Fly out, F9 (Flyball, 9D, EV 90.0 MPH) Runner from 2nd tags up, SAFE at 3rd, no throw by RF
|
|
Batting: SHB Gary Weiss
|
0-0: Ground out 5-3 (Groundball, 5S, EV 66.9 MPH)
|
|
Batting: LHB Steven Garcia
|
0-0: Ball 1-0: Called Strike 1-1: Ball 2-1: Ground out 5-3 (Groundball, 56S, EV 83.1 MPH)
|
| Bottom of the 11th over - 1 run, 1 hit, 0 errors, 1 left on base; Lynn 4 - Pawtucket 3 |
|